 Dungeon Crawl Stone Soup version 0.20.0-10-g0535bb4 (webtiles) character file.

2557 kuniqs the Sneak (level 9, 0/47 HPs)
             Began as a Vine Stalker Fighter on June 5, 2017.
             Was a Follower of Uskayaw.
             Slain by a gnoll (4 damage)
             ... on level 7 of the Dungeon.
             The game lasted 00:09:20 (5029 turns).

kuniqs the Sneak (Vine Stalker Fighter)             Turns: 5029, Time: 00:09:21

Health: 0/47       AC: 15    Str: 23    XL:     9   Next: 56%
Magic:  0/21       EV:  6    Int:  8    God:    Uskayaw [*.....]
Gold:   372        SH: 10    Dex: 11    Spells: 8/8 levels left

rFire    . . .     SeeInvis .   G - +8 spear "Zugicsiqe" {elec, *Noise rPois MP+9}
rCold    . . .     Gourm    .   c - +0 shield
rNeg     . . .     Faith    .   z - +0 plate armour
rPois    +         Spirit   +   (no helmet)
rElec    .         Reflect  .   (no cloak)
rCorr    .         Harm     .   (no gloves)
MR       +....                  i - +2 pair of boots
Stlth    ..........             (no amulet)
Regen    0.6/turn               y - -2 ring of dexterity (curse)
MPRegen  0.2/turn               (no ring)

@: marked
A: fangs 3, regeneration 1, magic shield, antimagic bite, no potion heal 3, rot
immunity
a: Stomp, Renounce Religion


You were on level 7 of the Dungeon.
You worshipped Uskayaw.
Uskayaw was noncommittal.
You were not hungry.

You visited 2 branches of the dungeon, and saw 8 of its levels.
You also visited: Sewer.

You collected 372 gold pieces.

Inventory:

Hand Weapons
 q - a +0 blowgun
 r - a +2 short sword of draining
 G - the +8 spear "Zugicsiqe" (weapon) {elec, *Noise rPois MP+9}
   (You found it on level 6 of the Dungeon)

   Occasionally, upon striking a foe, it will discharge some electrical energy
   and cause terrible harm.
   It protects you from poison.
   It affects your magic capacity (+9).
   It may make noises in combat.
Missiles
 g - 2 throwing nets (quivered)
Armour
 c - a +0 shield (worn)
 i - a +2 pair of boots (worn)
 z - a +0 plate armour (worn)
Jewellery
 y - a cursed -2 ring of dexterity (left hand)
Wands
 h - a wand of enslavement (8/24)
Scrolls
 a - 2 scrolls of enchant armour {unknown}
 b - 2 scrolls of remove curse {unknown}
 j - 5 scrolls of identify {@r1}
 p - 2 scrolls of blinking {unknown}
 s - a scroll of enchant weapon
 v - a scroll of amnesia {unknown}
 w - a scroll of teleportation {unknown}
 B - a scroll of random uselessness {unknown}
 C - a scroll of fog {unknown}
 D - a scroll of noise {unknown}
 F - a scroll of vulnerability {unknown}
Potions
 k - 2 potions of mutation {unknown}
 l - 2 potions of flight {unknown}
 n - a potion of berserk rage {unknown}
 o - a potion of curing {unknown}
 t - a potion of agility {unknown}
 u - a potion of might
 x - a potion of haste {unknown}
 E - a potion of brilliance {unknown}
Comestibles
 d - 5 bread rations
 e - 3 meat rations
 f - 5 fruits
 m - 3 royal jellies
 A - 5 chunks of flesh


   Skills:
 + Level 5.1 Fighting
 + Level 4.5 Short Blades
 - Level 0.3 Polearms
 + Level 4.7 Armour
 + Level 3.9 Dodging
 + Level 6.4 Stealth
 + Level 5.3 Shields
 + Level 3.4 Invocations


You had 8 spell levels left.
You didn't know any spells.

Dungeon Overview and Level Annotations

Branches:
Dungeon (7/15)             Temple (1/1) D:5

Altars:
Ashenzari
Cheibriados
Elyvilon
Gozag
Hepliaklqana
Kikubaaqudgha
Makhleb
Qazlal
Ru
Sif Muna
Trog
Uskayaw
Vehumet
Xom
Yredelemnul
Zin
The Shining One


Innate Abilities, Weirdness & Mutations

You have razor-sharp teeth.
Your natural rate of healing is unusually fast.
When hurt, damage is shared between your health and your magic reserves.
Your bite disrupts and absorbs the magic of your enemies.
Potions cannot restore your health.
You are immune to rotting.


Message History

You block the quasit's attack. x2
You hit the bullfrog.
You bite the bullfrog, but do no damage.
The bullfrog is heavily wounded.
The bullfrog barely misses you. The gnoll hits you.
* * * LOW HITPOINT WARNING * * *
The orc priest invokes the aid of Beogh against you.
Beogh smites you!
* * * LOW HITPOINT WARNING * * *
The quasit barely misses you. The quasit claws you.
* * * LOW HITPOINT WARNING * * *
You block the quasit's attack.
The bullfrog hits you but does no damage.
As you read the scroll labeled QECWEDDUGRU, it crumbles to dust.
It is a scroll of enchant weapon.
Your +1 short sword of draining glows red for a moment.
You block the quasit's attack. x2
The quasit claws you but does no damage.
The gnoll hits you.
You die...

##..##
##.................###...
...##
#..####................#
..## #.##
############....## ###
#.## ....# #..########
....# ##........## ....#
#######5.(##### .....#
#5F.....# ##...#
#@##..### ...# #g## ..#
#g# ..#


og# ... .{o ### ##. # You could see a bullfrog, 2 orc priests, 2 quasits and 3
gnolls.

Vanquished Creatures
  The ghost of anfisbena the Basher, a novice FoAK of Lugonu (D:7)
  2 steam dragons
  Edmund (D:6)
  2 sky beasts
  An ice beast (D:6)
  2 ogres
  2 centaurs (D:6)
  A crocodile (Sewer)
  A big kobold (D:7)
  A bullfrog (D:6)
  A scorpion (D:5)
  3 wights (D:7)
  2 crimson imps
  A quasit (D:6)
  An orc priest (D:7)
  A bullfrog skeleton (D:5)
  A centaur skeleton (D:6)
  2 jellies
  An orc wizard (D:6)
  A hound (D:4)
  An iguana (D:6)
  2 worker ants
  A hound zombie (D:5)
  2 howler monkey zombies
  A howler monkey skeleton (D:4)
  12 adders
  A gnoll (D:7)
  A shadow imp (D:5)
  4 worms
  2 dart slugs (D:1)
  8 leopard geckos
  8 orcs
  3 giant cockroaches
  7 goblins
  9 hobgoblins
  2 jackals (D:7)
  2 ball pythons (D:3)
  11 bats
  2 frilled lizards
  A jackal skeleton (D:4)
  10 kobolds
  6 rats
  A spectral orc (D:2)
125 creatures vanquished.

Vanquished Creatures (others)
  A kobold (D:7)
  A fungus (D:5)
2 creatures vanquished.

Grand Total: 127 creatures vanquished

Notes
Turn   | Place    | Note
-------+----------+-------------------------------------------
     0 | D:1      | kuniqs the Vine Stalker Fighter began the quest for the Orb.
     0 | D:1      | Reached XP level 1. HP: 11/11 MP: 2/2
   219 | D:1      | Reached XP level 2. HP: 16/16 MP: 3/3
   695 | D:2      | Reached skill level 1 in Stealth
   695 | D:2      | Reached XP level 3. HP: 13/19 MP: 4/4
  1200 | D:2      | Reached skill level 1 in Dodging
  1426 | D:2      | Found a basalt altar of Yredelemnul.
  1589 | D:3      | Gained mutation: Your natural rate of healing is unusually fast. [Vine Stalker growth]
  1589 | D:3      | Reached XP level 4. HP: 19/24 MP: 5/5
  1626 | D:3      | Reached skill level 2 in Stealth
  1675 | D:3      | Found a snail-covered altar of Cheibriados.
  2139 | D:4      | Reached XP level 5. HP: 28/28 MP: 6/6
  2398 | D:4      | Noticed an ogre
  2411 | D:4      | Reached skill level 3 in Stealth
  2484 | D:4      | Killed an ogre
  2484 | D:4      | Reached XP level 6. HP: 14/32 MP: 2/7
  2559 | D:4      | Noticed a sky beast
  2566 | D:4      | Killed a sky beast
  2792 | D:5      | Entered Level 5 of the Dungeon
  2802 | D:5      | Found a staircase to the Ecumenical Temple.
  2820 | Temple   | Entered the Ecumenical Temple
  2929 | Temple   | Became a worshipper of Uskayaw the Reveler
  2930 | Temple   | Fell from the grace of Uskayaw
  2931 | Temple   | Became a worshipper of Uskayaw the Reveler
  3023 | D:5      | Reached * piety under Uskayaw
  3024 | D:5      | Reached XP level 7. HP: 36/37 MP: 8/8
  3124 | D:5      | Reached ** piety under Uskayaw
  3135 | D:5      | Reached *** piety under Uskayaw
  3136 | D:5      | Reached skill level 4 in Stealth
  3172 | D:5      | Found a glowing drain.
  3200 | D:5      | Reached **** piety under Uskayaw
  3210 | Sewer    | Entered a sewer
  3828 | D:5      | Noticed a steam dragon
  3854 | D:5      | Killed a steam dragon
  3854 | D:5      | Reached skill level 1 in Invocations
  3854 | D:5      | Gained mutation: You have razor-sharp teeth. [Vine Stalker growth]
  3854 | D:5      | Reached XP level 8. HP: 34/42 MP: 9/9
  3924 | D:5      | Found a sacrificial altar of Ru.
  4200 | D:6      | Reached skill level 5 in Stealth
  4264 | D:6      | Noticed Edmund
  4274 | D:6      | Killed Edmund
  4534 | D:6      | Got an iridescent spear
  4535 | D:6      | Identified the +8 spear "Zugicsiqe" {elec, *Noise rPois MP+9} (You found it on level 6 of the Dungeon)
  4721 | D:7      | Reached XP level 9. HP: 45/46 MP: 11/11
  4729 | D:7      | Noticed anfisbena's ghost (novice FoAK)
  4741 | D:7      | Killed anfisbena's ghost
  4741 | D:7      | Reached skill level 5 in Fighting
  4741 | D:7      | Reached skill level 6 in Stealth
  4741 | D:7      | Reached skill level 5 in Shields
  5029 | D:7      | Slain by a gnoll

Skill      XL: |  1  2  3  4  5  6  7  8  9 |
---------------+----------------------------+-----
Shields        | 3 4 5 |  5.3
Stealth        | 1 2 3 4 5 6 |  6.4
Short Blades   | 2 3 4 |  4.5
Fighting       | 3 4 5 |  5.1
Dodging        | 1 2 3 |  3.9
Armour         | 3 4 |  4.7
Invocations    | 1 2 3 |  3.4
Polearms       | |  0.3

Action                   |  1- 3 |  4- 6 |  7- 9 || total
-------------------------+-------+-------+-------++-------
Melee: Rapier            |    95 |       |       ||    95
       Bite              |    23 |    35 |    77 ||   135
       Dagger            |     2 |    27 |       ||    29
       Short sword       |       |   103 |   202 ||   305
       Spear             |       |       |    57 ||    57
Invok: Renounce Religion |       |     1 |       ||     1
  Use: Scroll            |       |       |     2 ||     2
 Stab: Paralysed         |       |       |    12 ||    12
  Eat: Chunk             |     2 |     5 |     7 ||    14
Armor: Scale mail        |    30 |       |       ||    30
       Chain mail        |    38 |    54 |    29 ||   121
       Plate armour      |       |       |   121 ||   121
Dodge: Dodged            |    24 |    18 |    54 ||    96
Block: Shield            |    45 |    53 |   139 ||   237
